 Dungeon Crawl Stone Soup version 0.30.1-3-gfc49f6343a (webtiles) character file.

Game seed: 12074961861173747499

23 spardeous the Conjurer (level 2, 20/20 HPs)
             Began as a Demigod Conjurer on Aug 10, 2023.
             Got out of the dungeon alive.
             The game lasted 00:00:41 (833 turns).

spardeous the Conjurer (Demigod Conjurer)            Turns: 833, Time: 00:00:42

Health: 20/20      AC:  2    Str:  8    XL:     2   Next: 57%
Magic:  7/7        EV: 12    Int: 20    God:
Gold:   59         SH:  0    Dex: 12    Spells: 1/4 levels left

rFire   . . .        (no weapon)
rCold   . . .        (no shield)
rNeg    . . .        a - +0 robe
rPois   .            (no helmet)
rElec   .            (no cloak)
rCorr   .            (no gloves)
SInv    .            (no boots)
Will    .....        (no amulet)
Stlth   ++           (no ring)
HPRegen 0.23/turn    (no ring)
MPRegen 0.10/turn

%: no passive effects
@: no status effects
A: high MP 1, forlorn, divine attributes
a: no special abilities


You escaped.
You visited 1 branch of the dungeon, and saw 1 of its levels.

You collected 59 gold pieces.

Inventory:

Armour
 a - a +0 robe (worn)
Magical Staves
 e - a staff of cold
Potions
 b - a potion of magic


   Skills:
 - Level 1.7 Dodging
 - Level 1.7 Stealth
 - Level 1.7 Spellcasting
 + Level 4.4 Conjurations


You had one spell level left.
You knew the following spells:

 Your Spells              Type           Power      Damage    Failure   Level
a - Magic Dart            Conj           76%        1d6       2%          1
b - Searing Ray           Conj           38%        2d5       4%          2

Your spell library contained the following spells:

 Spells                   Type           Power      Damage    Failure   Level
 Dazzling Flash           Conj/Hex       20%        N/A       21%         3
 Fulminant Prism          Conj/Hex       5%         3d7       54%         4
 Iskenderun's Mystic Bla  Conj/Tloc      10%        2d4       54%         4


Dungeon Overview and Level Annotations

Branches:
Dungeon (1/15)


Innate Abilities, Weirdness & Mutations

You have an increased reservoir of magic. (+10% MP)
You shall have no god before yourself.
Your divine heritage dramatically boosts your attributes as you level up.


Message History

Confirm with . or Enter, or press ? or * to list all spells.
You can't see any susceptible monsters within range! (Use Z to cast anyway.)
As you read the scroll labelled SUTHAX WAITUS, it crumbles to dust.
It is a scroll of amnesia.
Really abort (and waste the scroll)?
Okay, then.
As you read the scroll labelled DAJOCHU IF AHO, it crumbles to dust.
Magic quickly surges around you.
It was a scroll of vulnerability.
As you read the scroll labelled PUEGEWK WUYJ, it crumbles to dust.
You assume a fearsome visage.
Nothing appears to happen.
It was a scroll of fear.
It was a potion of lignification.
You turn into a tree.
Your +0 robe melds into your body.
Your roots penetrate the ground.
You now have 30/30 hp.
It was a potion of might.
You feel very mighty all of a sudden.
It was a potion of flight.
Your roots keep you in place.
You start resting.
Your transformation is almost over.
HP restored.
You feel less wooden.
Your +0 robe unmelds from your body.
You now have 20/20 hp.
You start waiting.
You feel your willpower return.
(D) Dungeon
Where to? (Enter - D:1 @ (x,y), ? - help)
Okay, then.
You open the door.
There is an open door here.
You feel a little less mighty now.
You see here 8 stones.
You open the door.
There is an open door here.
You open the door.
There is an open door here.
There is an open door here.
There is a staircase leading out of the dungeon here.
Are you sure you want to leave the Dungeon?
This will make you lose the game!
You have escaped!

..).......#
#...
####.^....#
#... .#
#......# ####
.# ######.#
.# #.#
######## # .#
#.# #......#
#### .# #.#
#.####.# #.##
.#
#.####.#..#.#
#.## [#
#...##.'@.+.#
#####.## ##
###.##.#..#.#
#.......
#..#'####.#
#.....##
##.'......#
#....[##
#.#'######
#####.##
#...# #...
##### ####
#... #.#.


There were no monsters in sight!

Vanquished Creatures
  A dart slug (D:1)
  4 ball pythons (D:1)
  An endoplasm (D:1)
  2 giant cockroaches (D:1)
  2 hobgoblins (D:1)
  2 kobolds (D:1)
  A quokka (D:1)
  5 bats (D:1)
  3 rats (D:1)
21 creatures vanquished.

Notes
Turn   | Place    | Note
-------+----------+-------------------------------------------
     0 | D:1      | spardeous the Demigod Conjurer began the quest for the Orb.
     0 | D:1      | Reached XP level 1. HP: 14/14 MP: 5/5
   155 | D:1      | Reached skill level 4 in Conjurations
   302 | D:1      | Reached XP level 2. HP: 20/20 MP: 5/7
   524 | D:1      | Learned a level 2 spell: Searing Ray
   833 | D:$      | Got out of the dungeon alive.

Illustrated notes

Levels and vault maps discovered:
D:1:      ncdulo_smallfort, layout_basic

Skill      XL: |  1 |
---------------+----+-----
Conjurations   | 4 |  4.4
Dodging        | |  1.7
Stealth        | |  1.7
Spellcasting   | |  1.7

Action                     || total
---------------------------++-------
   Cast: Magic Dart        ||    44
    Use: Scroll            ||     3
         Potion            ||     3
 Armour: Robe              ||     2
  Dodge: Dodged            ||     2
